 Dungeon Crawl Stone Soup version 0.30-a0-12-gd8047c6341 (webtiles) character file.

Game seed: 17267828244147395660

1135 nickcage the Basher (level 8, -4/67 HPs)
             Began as a Minotaur Abyssal Knight on Aug 23, 2022.
             Was a High Priest of Lugonu.
             Killed from afar by an orc wizard (8 damage)
             ... with a magic dart
             ... on level 5 of the Dungeon.
             The game lasted 00:09:45 (5109 turns).

nickcage the Basher (Minotaur Abyssal Knight)       Turns: 5109, Time: 00:09:46

Health: -4/67      AC:  7    Str: 20    XL:     8   Next: 14%
Magic:  8/8        EV: 10    Int:  7    God:    Lugonu [*****.]
Gold:   285        SH:  0    Dex: 11    Spells: 7/7 levels left

rFire   . . .      SeeInvis .    a - +1 mace
rCold   . . .      Faith    .    (no shield)
rNeg    . . .      Spirit   .    j - +0 ring mail
rPois   .          Reflect  .    (helmet restricted)
rElec   .          Harm     .    c - scarf {repulsion}
rCorr   +          Rampage  .    q - +1 pair of gloves
Will    .....                    (no boots)
Stlth   +.........               (no amulet)
HPRegen 0.21/turn                d - ring of resist corrosion
MPRegen 0.11/turn                (no ring)

@: repel missiles
A: horns 2, retaliatory headbutt
a: Renounce Religion, Depart the Abyss, Bend Space, Banish, Corrupt, Enter the
Abyss


You were on level 5 of the Dungeon.
You worshipped Lugonu.
Lugonu was extremely pleased with you.
You visited 1 branch of the dungeon, and saw 5 of its levels.
You visited the Abyss 1 time.
You also visited: Sewer.

You collected 285 gold pieces.

Inventory:

Hand Weapons
 a - a +1 mace (weapon)
Missiles
 l - 2 poisoned darts (quivered)
Armour
 b - a +0 leather armour
 c - a scarf of repulsion (worn)
 j - a +0 ring mail (worn)
 q - a +1 pair of gloves (worn)
Jewellery
 d - a ring of resist corrosion (left hand)
Wands
 r - a wand of flame (8)
Scrolls
 f - 2 scrolls of enchant armour
 g - a scroll of teleportation {unknown}
 h - 6 scrolls of identify
 o - 2 scrolls of immolation {unknown}
 s - 3 scrolls of poison {unknown}
 w - 3 scrolls of enchant weapon {unknown}
 x - a scroll of silence {unknown}
 y - a scroll of acquirement {unknown}
Potions
 e - a potion of invisibility
 i - 3 potions of mutation
 k - 4 potions of heal wounds
 m - 2 potions of ambrosia {unknown}
 n - 2 potions of attraction {unknown}
 p - 4 potions of curing
 t - 2 potions of brilliance {unknown}
 u - a potion of lignification {unknown}
 v - a potion of magic {unknown}


   Skills:
 + Level 4.8 Fighting
 * Level 11.2 Maces & Flails
 - Level 0.9 Throwing
 - Level 2.4 Armour
 - Level 1.1 Dodging
 - Level 1.7 Invocations


You had 7 spell levels left.
You didn't know any spells.
Your spell library contained the following spells:

 Spells                   Type           Power      Damage    Failure   Level
 Sandblast                Erth           0%         2d4       61%         1
 Shock                    Conj/Air       0%         1d3       61%         1
 Ensorcelled Hibernation  Hex/Ice        0%         N/A       75%         2
 Passwall                 Tmut/Erth      0%         N/A       75%         2
 Ignite Poison            Fire/Tmut/Pois 0%         N/A       93%         3
 Mephitic Cloud           Conj/Pois/Air  0%         N/A       93%         3
 Spider Form              Tmut/Pois      0%         N/A       93%         3
 Stone Arrow              Conj/Erth      0%         3d7       93%         3
 Swiftness                Air            0%         N/A       93%         3
 Airstrike                Air            0%         2d(0-16)  100%        4
 Anguish                  Hex/Necr       0%         N/A       100%        4
 Freezing Cloud           Conj/Ice/Air   0%         6-21      100%        5


Dungeon Overview and Level Annotations

Branches:
Dungeon (5/15)             Temple (0/1) D:4           Sewer (visited)

Altars:
Hepliaklqana
Sif Muna
Uskayaw
The Shining One


Innate Abilities, Weirdness & Mutations

You have a pair of horns on your head.
You reflexively headbutt those who attack you in melee.


Message History

The orc shouts!
The orc wizard shouts!
The ogre shouts!
An orc and a jelly come into view.
Found an escape hatch in the floor.
The orc shouts!
The jelly quivers.
You hit the orc.
You kill the orc!
Lugonu accepts your kill. The ogre hits you with a +0 giant club!
Things that are here:
a +0 hand axe; an orc corpse You hit the ogre.
The ogre is lightly wounded.
The ogre hits you with a +0 giant club!!
You barely miss the ogre.
The ogre is lightly wounded.
You hit the ogre.
The ogre is moderately wounded.
The ogre hits you with a +0 giant club.
The orc wizard points at you and mumbles some strange words.
You resist with some effort.
You thump the ogre!
The ogre is severely wounded.
You closely miss the ogre.
The ogre is severely wounded.
The ogre hits you with a +0 giant club!!
* * * LOW HITPOINT WARNING * * *
You hit the ogre.
The ogre is severely wounded.
You hit the ogre.
The ogre is almost dead.
The ogre hits you with a +0 giant club.
* * * LOW HITPOINT WARNING * * *
You sock the ogre!
You kill the ogre!
Lugonu accepts your kill.
Your Maces & Flails skill increases to level 11!
The orc wizard casts a spell at you. The magic dart hits you!
You die...

,,,,,,,,****...##*###W.##########
,,,,,,,,,* **#...##...## #...
,,,......* *#...#.### #..#
,,,....<.* **#..÷### #..#
,,,..oo..#* ###...## #..#
,,,...J...* ##...#### #..#
**,,,..o.o* ##.....## #..#
***,,#..(## ##########....###..#
***#.O..# #.)@............#.## *
*#...###o≈≈≈≈§≈...........# **
#....ooJ≈≈≈≈≈§............ ,*
**#......o≈≈.⌠§≈..........## ,*
*#....####.≈≈>_≈≈..........##
,***#...##* #.≈≈§§§≈..........##
,**>...#* #.§≈≈≈≈§.......#...#
,,,...#* #..§...........##...
*>,.##* #######.......###...


You could see a jelly, an orc wizard and 3 orcs.

Vanquished Creatures
  Grinder (D:3)
  Sigmund (D:2)
  2 ogres
  A phantom (D:5)
  2 orc priests (D:3)
  A gnoll bouda (D:4)
  A jelly (D:4)
  Jessica (D:3)
  4 orc wizards
  Terence (D:2)
  7 adders
  3 gnolls (D:4)
  4 river rats (Sewer)
  A white imp (D:5)
  2 ufetubi (D:4)
  2 worms
  4 dart slugs
  15 orcs
  8 ball pythons
  6 endoplasms
  9 giant cockroaches
  4 hobgoblins
  4 jackals (D:2)
  8 kobolds
  4 quokkas
  4 bats
  8 frilled lizards
  7 goblins
  6 rats
121 creatures vanquished.

Vanquished Creatures (others)
  An orc wizard (D:5)
1 creature vanquished.

Grand Total: 122 creatures vanquished

Notes
Turn   | Place    | Note
-------+----------+-------------------------------------------
     0 | Abyss:1  | nickcage the Minotaur Abyssal Knight began the quest for
                  | the Orb.
     0 | Abyss:1  | Reached XP level 1. HP: 19/19 MP: 1/1
     1 | D:1      | Escaped the Abyss
   119 | D:1      | Reached skill level 3 in Maces & Flails
   148 | D:1      | Reached XP level 2. HP: 26/26 MP: 2/2
   954 | D:2      | Reached skill level 4 in Maces & Flails
   960 | D:2      | Reached XP level 3. HP: 18/31 MP: 3/3
  1278 | D:2      | Reached *** piety under Lugonu
  1345 | D:2      | Noticed Sigmund
  1361 | D:2      | Killed Sigmund
  1362 | D:2      | Reached skill level 7 in Maces & Flails
  1362 | D:2      | Reached XP level 4. HP: 5/39 MP: 4/4
  1362 | D:2      | Reached XP level 5. HP: 5/45 MP: 5/5
  1806 | D:2      | Noticed Terence
  1811 | D:2      | Killed Terence
  1952 | D:3      | Noticed an ogre
  1959 | D:3      | Killed an ogre
  1960 | D:3      | Reached XP level 6. HP: 24/51 MP: 6/6
  2175 | D:3      | Reached skill level 8 in Maces & Flails
  2408 | D:3      | Noticed Jessica
  2412 | D:3      | Killed Jessica
  2837 | D:3      | Noticed Grinder
  2844 | D:3      | Paralysed by Grinder for 5 turns
  2856 | D:3      | HP: 1/52 [Grinder (3)]
  2858 | D:3      | Killed Grinder
  2859 | D:3      | Reached skill level 9 in Maces & Flails
  2859 | D:3      | Reached XP level 7. HP: 2/59 MP: 7/7
  3272 | D:4      | Found a hide-covered altar of Uskayaw.
  3312 | D:4      | Found a glowing golden altar of the Shining One.
  3336 | D:4      | Reached **** piety under Lugonu
  3516 | D:4      | Reached skill level 10 in Maces & Flails
  3867 | D:4      | Found a staircase to the Ecumenical Temple.
  3920 | D:4      | Found a hazy altar of Hepliaklqana.
  4157 | D:5      | Entered Level 5 of the Dungeon
  4209 | D:5      | Found a shimmering blue altar of Sif Muna.
  4220 | D:5      | Found a glowing drain.
  4231 | Sewer    | Entered a sewer
  5009 | D:5      | Reached XP level 8. HP: 64/67 MP: 8/8
  5020 | D:5      | Reached ***** piety under Lugonu
  5107 | D:5      | HP: 3/67 [ogre/+0 giant club (4)]
  5109 | D:5      | Reached skill level 11 in Maces & Flails
  5109 | D:5      | Killed from afar by an orc wizard

Illustrated notes

Levels and vault maps discovered:
D:1:      co_arrival_square_in_a_square_in_a_square, layout_loops_cross,
          serial_bayou_lagoon_b
D:2:      layout_rooms, grunt_decor_one_mirror, uniq_terence, uniq_sigmund
D:3:      layout_rooms, hangedman_decor_growths, uniq_grinder, uniq_jessica
D:4:      nicolae_cairo_tiling_large, layout_rooms, lemuel_round_altar,
          mainiacjoe_overflow_catwalk, lemuel_doored_altar,
          minmay_temple_entry_glassed_door, kennysheep_cross_room
D:5:      layout_cave_pods, lemuel_tele_altar, general_overflow_altar,
          portal_sewer_entry_f, lightli_minifort

Skill      XL: |  1  2  3  4  5  6  7  8 |
---------------+-------------------------+-----
Maces & Flails | 3 4 7 9 10 11 | 11.2
Fighting       | 4 |  4.8
Throwing       | |  0.9
Armour         | |  2.4
Dodging        | |  1.1
Invocations    | |  1.7

Action                   |  1- 3 |  4- 6 |  7- 9 || total
-------------------------+-------+-------+-------++-------
Melee: Mace              |    69 |    91 |   161 ||   321
       Headbutt          |     8 |    15 |    22 ||    45
       Punch             |       |     1 |     5 ||     6
Throw: Dart              |     2 |     4 |       ||     6
  Use: Scroll            |       |       |     7 ||     7
 Stab: Sleeping          |     1 |       |       ||     1
Armor: Leather armour    |    16 |       |       ||    16
       Ring mail         |     9 |    45 |    65 ||   119
Dodge: Dodged            |    49 |    31 |    89 ||   169
       Repelled          |       |     1 |     5 ||     6

Table legend: (Time is in decaauts)
 A = Elapsed time spent in this place.
 B = Non-inter-level travel time spent in this place.
 C = Inter-level travel time spent in this place.
 D = Time resting spent in this place.
 E = Time spent auto-exploring this place.
 F = Levels seen in this place.
 G = Mean time per level.
                   A        B        C        D        E       F      G
               +--------+--------+--------+--------+--------+-----+--------+
         Total |   5193 |   5107 |     86 |   1099 |   3153 |   7 |  741.9 |
       Dungeon |   4608 |   4522 |     86 |   1099 |   2729 |   5 |  921.6 |
         Abyss |      1 |      1 |      0 |      0 |      0 |   1 |    1.0 |
         Sewer |    584 |    584 |      0 |      0 |    424 |   1 |  584.0 |
               +--------+--------+--------+--------+--------+-----+--------+

Top non-repeatable levels by time:
     D:2: 1171 daAuts
     D:4: 1111 daAuts
     D:3: 1107 daAuts
     D:1: 976 daAuts
   Sewer: 584 daAuts
     D:5: 241 daAuts
 Abyss:1: 1 daAuts
